 Dungeon Sprint DCSS version 0.30.0-5-g1a98f26d00 (webtiles) character file.

Game seed: 8299422049762216845

1820 fozzywoppz the Unseen (level 8, -4/46 HPs)
             Began as a Spriggan Enchanter on May 10, 2023.
             Was a Believer of Sif Muna.
             Slain by an earth elemental (30 damage)
             ... in the Dungeon (Sprint III: "The Ten Rune Challenge").
             The game lasted 00:05:32 (550 turns).

fozzywoppz the Unseen (Spriggan Enchanter)           Turns: 550, Time: 00:05:32

Health: -4/46      AC:  2    Str:  4    XL:     8   Next: 85%
Magic:  19/19      EV: 26    Int: 16    God:    Sif Muna [**....]
Gold:   38         SH:  0    Dex: 18    Spells: 13/21 levels left

rFire   . . .        a - +1 dagger
rCold   + . .        (no shield)
rNeg    . . .        b - +0 robe
rPois   .            (helmet restricted)
rElec   .            (no cloak)
rCorr   .            (gloves unavailable)
SInv    +            (boots unavailable)
Will    +....        (no amulet)
Stlth   ++++++       (no ring)
HPRegen 0.27/turn    (no ring)
MPRegen 0.16/turn

%: no teleportation
@: very quick
A: very small, no large weapons, unfitting armour, see invisible, speed 3, cold
resistance 1, sturdy frame 1
a: Renounce Religion, Channel Magic


You were in the Dungeon.
You worshipped Sif Muna.
Sif Muna was pleased with you.
You visited 1 branch You collected 38 gold pieces.

Inventory:

Hand Weapons
 a - a +1 dagger (weapon)
 k - a +0 short sword
Armour
 b - a +0 robe (worn)
Wands
 h - a wand of mindburst (11)
Scrolls
 i - a scroll of blinking
 j - a scroll of enchant armour {unknown}
 m - a scroll of torment
Potions
 c - 2 potions of invisibility
 d - 3 potions of curing
 f - a potion of haste
 g - 2 potions of magic
 l - 3 potions of mutation
 o - a potion of flight
Miscellaneous
 n - a phial of floods


   Skills:
 + Level 7.4 Fighting
 - Level 10.0 Short Blades
 + Level 12.0 Dodging
 + Level 15.0 Stealth
 - Level 7.0 Spellcasting
 - Level 2.0 Conjurations
 + Level 7.8 Hexes


You had 13 spell levels left.
You knew the following spells:

 Your Spells              Type           Power      Damage    Failure   Level
a - Ensorcelled Hibernat  Hex/Ice        36%        N/A       3%          2
b - Confusing Touch       Hex            30%        N/A       1%          3
c - Dazzling Flash        Conj/Hex       42%        N/A       4%          3

Your spell library contained the following spells:

 Spells                   Type           Power      Damage    Failure   Level
 Tukima's Dance           Hex            30%        N/A       1%          3
 Stone Arrow              Conj/Erth      16%        3d8       24%         3
 Animate Armour           Summ/Erth      10%        N/A       77%         4
 Lehudib's Crystal Spear  Conj/Erth      4%         10d3      100%        8


Dungeon Overview and Level Annotations

Branches:
Dungeon (1/1)

Altars:
Cheibriados
Dithmenos
Elyvilon
Fedhas
Gozag
Hepliaklqana
Kikubaaqudgha
Makhleb
Nemelex Xobeh
Okawaru
Qazlal
Ru
Sif Muna
Trog
Uskayaw
Vehumet
Wu Jian
Xom
Yredelemnul
Zin
The Shining One
Jiyva
Lugonu


Innate Abilities, Weirdness & Mutations

You are very small and have problems with some larger weapons.
You are too small for most types of armour.
You have supernaturally acute eyesight. (SInv)
You cover ground extremely quickly. (Speed+++)
Your flesh is cold resistant. (rC+)
Your movements are slightly less encumbered by armour. (ER -2)


Message History

You spit Snorg like a pig!!!
You kill Snorg!
Sif Muna accepts your kill.
Training target 2.0 for Conjurations reached!
Training target 7.0 for Spellcasting reached!
Your Fighting skill increases to level 7!
Your Spellcasting skill gained 3 levels and is now at level 7!
Your Conjurations skill gained 2 levels and is now at level 2!
Your Hexes skill gained 2 levels and is now at level 7!
You start resting.
HP restored.
Unknown command.
You enter the shallow water.
Moving in this stuff is going to be slow.
As you open the door, it creaks loudly!
An earth elemental comes into view.
There is an open door here.
You catch the helpless earth elemental completely off-guard!
You skewer the earth elemental like a kebab!!!
The earth elemental is severely damaged.
You hit the earth elemental but do no damage.
The earth elemental is severely damaged.
The earth elemental completely misses you.
You barely miss the earth elemental.
The earth elemental is severely damaged.
You hit the earth elemental but do no damage.
The earth elemental is severely damaged.
You hit the earth elemental but do no damage.
The earth elemental is severely damaged.
You hit the earth elemental.
The earth elemental is severely damaged.
The earth elemental hits you!!!
Ouch! That really hurt!
* * * LOW HITPOINT WARNING * * *
You hit the earth elemental but do no damage.
The earth elemental is severely damaged.
Unknown command.
You feel much better. The earth elemental hits you!!
Ouch! That really hurt!
You die...

'#'###'## ........#
........# .######'#
.#__#...#+#########
.#_v#...#§.§~§'.#.+
##__#...#.#§§§#.#.#
)#__#...'.#§§§#.#.#
_#__+...#.#.§.#E@.#
▓▓▓▓▓▓▓▓▓▓▓▓▓▓▓▓▓▓▓


You could see an earth elemental.

Vanquished Creatures
  Snorg (D)
  A deep elf pyromancer (D)
  A shadow (D)
  A water elemental (D)
  A necrophage (D)
  A jelly (D)
  Jessica (D)
  A wizard (D)
  A necromancer (D)
  3 humans (D)
  A kobold demonologist (D)
  A wolf (D)
  2 endoplasms (D)
  A rat (D)
17 creatures vanquished.

Notes
Turn   | Place    | Note
-------+----------+-------------------------------------------
     0 | D        | fozzywoppz the Spriggan Enchanter began the quest for the
                  | Orb.
     0 | D        | Reached XP level 1. HP: 9/9 MP: 5/5
    12 | D        | Noticed Jessica
    19 | D        | Killed Jessica
    20 | D        | Reached skill level 6 in Stealth
    20 | D        | Reached XP level 2. HP: 9/13 MP: 6/8
    20 | D        | Reached XP level 3. HP: 11/16 MP: 6/9
    27 | D        | Learned a level 2 spell: Ensorcelled Hibernation
    31 | D        | Learned a level 3 spell: Confusing Touch
    35 | D        | Learned a level 3 spell: Dazzling Flash
    77 | D        | Reached skill level 7 in Stealth
    77 | D        | Reached skill level 5 in Hexes
   126 | D        | Reached skill level 5 in Dodging
   161 | D        | Gained mutation: Your flesh is cold resistant. (rC+)
                  | [potion of mutation]
   161 | D        | Gained mutation: Your movements are slightly less
                  | encumbered by armour. (ER -2) [potion of mutation]
   218 | D        | Noticed a water elemental
   232 | D        | Killed a water elemental
   233 | D        | Reached skill level 5 in Short Blades
   233 | D        | Reached skill level 9 in Stealth
   233 | D        | Reached XP level 4. HP: 21/21 MP: 8/11
   266 | D        | Found a radiant altar of Vehumet.
   267 | D        | Found a shimmering blue altar of Sif Muna.
   267 | D        | Found an ancient bone altar of Kikubaaqudgha.
   267 | D        | Noticed a wizard
   268 | D        | Killed a wizard
   269 | D        | Reached XP level 5. HP: 24/24 MP: 12/12
   271 | D        | Reached skill level 10 in Stealth
   276 | D        | Became a worshipper of Sif Muna the Loreminder
   284 | D        | Found a glowing silver altar of Zin.
   284 | D        | Found a glowing golden altar of the Shining One.
   284 | D        | Found a white marble altar of Elyvilon.
   285 | D        | Noticed a deep elf pyromancer
   287 | D        | Killed a deep elf pyromancer
   288 | D        | Reached skill level 14 in Stealth
   288 | D        | Reached XP level 6. HP: 28/28 MP: 13/13
   288 | D        | Reached XP level 7. HP: 32/32 MP: 14/14
   293 | D        | Found a hide-covered altar of Uskayaw.
   293 | D        | Found an iron altar of Okawaru.
   293 | D        | Found a bloodstained altar of Trog.
   293 | D        | Found an ornate altar of the Wu Jian Council.
   293 | D        | Noticed a human
   293 | D        | Noticed a human
   307 | D        | Killed a human
   308 | D        | Reached skill level 1 in Fighting
   308 | D        | Reached skill level 10 in Short Blades
   310 | D        | Killed a human
   310 | D        | Reached * piety under Sif Muna
   311 | D        | Reached skill level 15 in Stealth
   349 | D        | Found a basalt altar of Yredelemnul.
   349 | D        | Found a shadowy altar of Dithmenos.
   349 | D        | Found a sacrificial altar of Ru.
   360 | D        | Noticed a shadow
   363 | D        | Killed a shadow
   363 | D        | Reached ** piety under Sif Muna
   364 | D        | Reached XP level 8. HP: 44/44 MP: 15/15
   370 | D        | Found a blossoming altar of Fedhas.
   370 | D        | Found a stormy altar of Qazlal.
   370 | D        | Found a snail-covered altar of Cheibriados.
   370 | D        | Found a burning altar of Makhleb.
   370 | D        | Found a shimmering altar of Xom.
   371 | D        | Found a hazy altar of Hepliaklqana.
   371 | D        | Found an opulent altar of Gozag.
   371 | D        | Found a sparkling altar of Nemelex Xobeh.
   371 | D        | Found a corrupted altar of Lugonu.
   371 | D        | Found a viscous altar of Jiyva.
   489 | D        | Noticed Snorg
   507 | D        | Killed Snorg
   550 | D        | Slain by an earth elemental

Illustrated notes

Levels and vault maps discovered:
D:        dungeon_sprint_mu [sprint_mu_entry_forest, sprint_mu_temple_rooms,
          sprint_mu_d1_horrors, sprint_mu_d2_genie, sprint_mu_d3_branching,
          sprint_mu_orc_legion, sprint_mu_elf_gauntlet, sprint_mu_hive_nellie,
          sprint_mu_lair_fedhas, sprint_mu_vaults_butterflies,
          sprint_mu_slime_circle, sprint_mu_swamp_cave, sprint_mu_snake_twists,
          sprint_mu_blade_basic, sprint_mu_crypt_fortress,
          sprint_mu_tomb_spiral, sprint_mu_vestibule_basic,
          sprint_mu_gehenna_hellfire, sprint_mu_dis_giant,
          sprint_mu_tartarus_statrot, sprint_mu_cocytus_islands, sprint_mu_zot1]

Skill      XL: |  1  2  3  4  5  6  7  8 |
---------------+-------------------------+-----
Dodging        | 4 6 7 11 12 | 12.0
Spellcasting   | 4 7 |  7.0
Hexes          | 4 5 7 |  7.8
Short Blades   | 3 5 6 9 10 | 10.0
Stealth        | 6 9 14 15 | 15.0
Fighting       | 6 7 |  7.4
Conjurations   | 2 |  2.0

Action                     |  1- 3 |  4- 6 |  7- 9 || total
---------------------------+-------+-------+-------++-------
  Melee: Dagger            |    42 |     3 |    57 ||   102
         Punch             |       |       |     2 ||     2
   Cast: Ensorcelled Hiber |     4 |       |       ||     4
         Confusing Touch   |     2 |       |     4 ||     6
    Use: Scroll            |     3 |       |       ||     3
         Potion            |     2 |       |     2 ||     4
   Stab: Sleeping          |     4 |     3 |     4 ||    11
         Confused          |       |       |     5 ||     5
         Distracted        |       |       |     1 ||     1
 Armour: Robe              |     2 |       |       ||     2
  Dodge: Dodged            |    39 |       |    29 ||    68
